 Dungeon Crawl Stone Soup version 0.18-a0-1702-gd20c6a5 (webtiles) character file.

2115 barb4r1an the Cleaver (level 9, 72/81 HPs)
             Began as a Minotaur Berserker on Apr 6, 2016.
             Was an Elder of Trog.
             Starved to death
             ... while paralysed
             ... on level 7 of the Dungeon on Apr 7, 2016.
             The game lasted 03:01:13 (6186 turns).

barb4r1an the Cleaver (Minotaur Berserker)          Turns: 6186, Time: 03:01:14

Health: 72/81      AC:  8    Str: 23    XL:     9   Next: 8%
Magic:  8/8        EV:  2    Int:  4    God:    Trog [****..]
Gold:   321        SH:  0    Dex: 15    Spells: 0 memorised, 8 levels left

rFire  . . .     SeeInvis .     F - +4 morningstar (venom)
rCold  . . .     Gourm    .     y - +3 leather armour {rN+}
rNeg   + . .     Faith    .     (no shield)
rPois  .         Spirit   .     (helmet restricted)
rElec  .         Dismiss  .     (no cloak)
rCorr  .         Reflect  .     (no gloves)
SustAt .         Harm     .     E - +0 pair of boots
MR     +....                    (no amulet)
Stlth  +.........               B - +3 ring of dexterity
                                h - ring of protection from magic

@: paralysed, fainting, somewhat resistant to hostile enchantments, very
unstealthy
A: retaliatory headbutt, horns 2
a: Berserk, Trog's Hand, Brothers in Arms, Burn Spellbooks, Renounce Religion


You were on level 7 of the Dungeon.
You worshipped Trog.
Trog was greatly pleased with you.
You were fainting.

You visited 1 branch of the dungeon, and saw 7 of its levels.

You collected 321 gold pieces.

Inventory:

Hand Weapons
 a - a +0 hand axe
 g - a +0 dagger of venom
 k - a +1 war axe of venom
 q - a +2 quarterstaff of draining
 x - a +1 flail of protection
 z - a +0 great mace of crushing
 F - a +4 morningstar of venom (weapon)
 O - a cursed -2 long sword
Armour
 b - a +0 animal skin
 o - a +0 ring mail
 y - a +3 leather armour of positive energy (worn)
 E - a +0 pair of boots (worn)
Jewellery
 h - a ring of protection from magic (left hand)
 v - an uncursed ring of positive energy
 B - a +3 ring of dexterity (right hand)
 D - an uncursed ring of wizardry
 K - an uncursed ring of protection from magic
 P - a cursed +1 ring of protection {unknown}
 Q - a +2 ring of intelligence {unknown}
Wands
 I - a wand of polymorph (8/24)
 M - a wand of slowing (48/48)
Scrolls
 c - 3 scrolls of teleportation
 d - 5 scrolls of blinking
 e - a scroll of enchant weapon
 j - 3 scrolls of immolation
 l - 4 scrolls of fear
 n - a scroll of fog
 w - a scroll of magic mapping
Potions
 f - 3 potions of agility
 i - a potion of cancellation
 m - a potion of magic
 p - 4 potions of ambrosia
 r - 2 potions of lignification {unknown}
 s - a potion of degeneration {unknown}
 t - 5 potions of curing
 u - a potion of cure mutation {unknown}
 A - 2 potions of haste {unknown}
 C - a potion of brilliance {unknown}
 G - a potion of heal wounds {unknown}


   Skills:
 * Level 8.1 Fighting
 * Level 8.2 Axes
 * Level 7.3 Armour
 * Level 6.7 Dodging


You had 8 spell levels left.
You didn't know any spells.

Dungeon Overview and Level Annotations

Branches:
Dungeon (7/15)             Temple (0/1) D:7

Altars:
Dithmenos
Gozag
Kikubaaqudgha
Nemelex Xobeh
Okawaru
Ru
Trog
Xom
Yredelemnul


Innate Abilities, Weirdness & Mutations

You reflexively headbutt those who attack you in melee.
You have a pair of horns on your head.


Message History

You sock the crimson imp!
You kill the crimson imp!
Trog accepts your kill.
An orc comes into view. It is wielding a short sword.
The orc shouts!
The orc barely misses you.
You hit the orc but do no damage.
The orc is poisoned.
Your headbutt misses the orc. The orc hits you but does no damage.
The orc barely misses you. You furiously retaliate!
You headbutt the orc!
You kill the orc!
Trog accepts your kill.
Things that are here:
a short sword; a leather armour
Found a scroll of magic mapping and 13 gold pieces.
w - a scroll of magic mapping You now have 321 gold pieces (gained 13).
You need to eat something NOW!
You lose consciousness!
You have starved to death.
You die...

########### #####..........
#.....####.#### #.##### #...# #.#
##...### #######.######......#
#####.........##..(((....
#########.......@.....(...((.[...
........#.###.......####........>
#######.#.# #..####.# #.#....#.#
####.#.# #..# #.## #.#)...#..
#..)...# #..####..# #.#....#..
##.##.### #........# #.#.#.##..
###...#.# #..###...# #.#)#.##<#
........# #....#...###.#.#.##.#
###...### ##...........#.#.....


There were no monsters in sight!

Vanquished Creatures
  A shadow (D:7)
  A wyvern (D:7)
  A hungry ghost (D:7)
  Menkaure (D:5)
  Edmund (D:4)
  2 ogres
  3 centaurs
  3 giant frogs (D:6)
  The ghost of bl4d3 the Firebug, an amateur GrFE (D:3)
  A scorpion (D:6)
  An oklob sapling (D:7)
  A giant frog zombie (D:5)
  A crimson imp (D:7)
  A jelly (D:6)
  2 orc priests (D:4)
  2 orc wizards
  2 hounds
  2 iguanas (D:4)
  5 worker ants
  3 hound skeletons
  7 adders
  An ooze (D:1)
  An adder zombie (D:6)
  An adder skeleton (D:6)
  4 worms
  4 dart slugs
  3 giant geckos
  20 orcs
  8 bats
  2 giant cockroaches
  6 goblins
  13 hobgoblins
  10 jackals
  5 kobolds
  A quokka (D:3)
  A ball python (D:4)
  A giant newt (D:1)
  12 rats
  3 plants (D:7)
138 creatures vanquished.

Notes
Turn   | Place    | Note
--------------------------------------------------------------
     0 | D:1      | barb4r1an the Minotaur Berserker began the quest for the Orb.
     0 | D:1      | Reached XP level 1. HP: 19/19 MP: 0/0
    87 | D:1      | Reached XP level 2. HP: 23/27 MP: 1/1
   665 | D:1      | Reached XP level 3. HP: 18/33 MP: 2/2
  1199 | D:2      | Reached ** piety under Trog
  1833 | D:2      | Reached XP level 4. HP: 27/41 MP: 3/3
  1852 | D:2      | Found an iron altar of Okawaru.
  2255 | D:3      | Noticed bl4d3's ghost (amateur GrFE)
  2265 | D:3      | Killed bl4d3's ghost
  2265 | D:3      | Reached XP level 5. HP: 47/47 MP: 4/4
  2270 | D:3      | Found a faded altar to an unknown god.
  2497 | D:3      | Reached skill level 5 in Axes
  2882 | D:3      | Reached skill level 5 in Fighting
  2959 | D:4      | Noticed Edmund
  2967 | D:4      | Killed Edmund
  2967 | D:4      | Reached XP level 6. HP: 34/56 MP: 5/5
  3186 | D:4      | Reached *** piety under Trog
  3209 | D:4      | Found an opulent altar of Gozag.
  3710 | D:4      | Reached XP level 7. HP: 60/62 MP: 6/6
  3872 | D:5      | Entered Level 5 of the Dungeon
  3877 | D:5      | Reached skill level 5 in Armour
  4148 | D:5      | Found a sparkling altar of Nemelex Xobeh.
  4365 | D:5      | Found a basalt altar of Yredelemnul.
  4525 | D:5      | Noticed Menkaure
  4531 | D:5      | Killed Menkaure
  4610 | D:5      | Reached skill level 5 in Dodging
  4621 | D:5      | Found an ancient bone altar of Kikubaaqudgha.
  5047 | D:6      | Found a shadowy altar of Dithmenos.
  5103 | D:6      | Reached XP level 8. HP: 69/71 MP: 7/7
  5208 | D:6      | Reached **** piety under Trog
  5387 | D:6      | Found a shimmering altar of Xom.
  5642 | D:6      | Found a sacrificial altar of Ru.
  5702 | D:7      | Found a staircase to the Ecumenical Temple.
  5874 | D:7      | Found a bloodstained altar of Trog.
  6086 | D:7      | Reached XP level 9. HP: 49/81 MP: 8/8
  6180 | D:7      | Paralysed by fainting for 8 turns
  6186 | D:7      | Starved to death

Vault maps used:
D:1:      scummos_arrival_gate
D:2:      okawaru_altar_gauntlet_db, first_bread
D:3:      ecumenical_altar_1
D:4:      nicolae_gozag_seed_capital, serial_bayou_crossing, uniq_edmund
D:5:      nicolae_overflow_crystal_walls, marbit_many_paths,
          kennysheep_little_box, grunt_decor_clamped, grunt_ministairs_12,
          minmay_crystal_room, uniq_menkaure
D:6:      nicolae_ru_the_path_less_chosen, lemuel_crystal_altar, tgw_xom
D:7:      kennysheep_big_flooded_room, lemuel_round_altar, lemuel_round_altar,
          minmay_temple_entry_oklob, trog_book

Skill      XL: |  1  2  3  4  5  6  7  8 |
---------------+-------------------------+-----
Axes           | 4 5 6 8 |  8.2
Fighting       | 4 5 6 8 |  8.1
Armour         | 3 4 5 7 |  7.3
Dodging        | 3 4 5 6 |  6.7

Action                   |  1- 3 |  4- 6 |  7- 9 || total
-------------------------+-------+-------+-------++-------
Melee: Hand axe          |    32 |       |       ||    32
       Dagger            |    44 |    91 |       ||   135
       Quarterstaff      |       |    23 |    10 ||    33
       Morningstar       |       |       |   134 ||   134
Invok: Trog's Hand       |     1 |       |     2 ||     3
       Berserk           |       |     3 |       ||     3
  Use: Scroll            |     3 |     3 |    12 ||    18
       Potion            |     1 |       |       ||     1
 Stab: Sleeping          |       |       |     3 ||     3
       Distracted        |       |       |     1 ||     1
  Eat: Bread ration      |     1 |     2 |       ||     3
       Pizza             |       |       |     1 ||     1
       Meat ration       |       |       |     1 ||     1
       Beef jerky        |       |       |     1 ||     1
